 Dungeon Crawl Stone Soup version 0.14-a0-1626-g054e7ae (webtiles) character file.

87918 Piginabag the Deadly Accurate (level 16, -2/93 HPs)
             Began as a Formicid Hunter on Dec 26, 2013.
             Was the Champion of Okawaru.
             Shot with an arrow by Rupert (14 damage)
             ... on Level 14 of the Dungeon.
             The game lasted 04:14:11 (38062 turns).

Piginabag the Deadly Accurate (Formicid Hunter)    Turns: 38062, Time: 04:14:11

HP  -2/93        AC 23     Str 29      XL: 16   Next: 85%
MP  20/20        EV 13     Int 12      God: Okawaru [******]
Gold 1898        SH 13     Dex 16      Spells:  0 memorised, 15 levels left

rFire  . . .     SeeInvis +     N - +1 blowgun
rCold  . . .     Clarity  .     i - +6 chain mail of Lugonu's Generosity {rN+ Str+2 Stlth--}
rNeg   + + .     Conserve .     g - +1 buckler "Darchyot" {Str+2 Dam+4}
rPois  x         rCorr    .     (helmet unavailable)
rElec  .         rRot     .     d - +0 cloak of the Land of Plenty {Dex+2}
SustAb . .       Spirit   .     m - +1 pair of gloves
rMut   +         Warding  .     s - +0 pair of boots
Saprov . . .     Stasis   +     D - amulet "Bovomeku" {rMut Dex+3 Int+2 Dam+6}
                                r - ring of positive energy
                                A - ring of protection from magic

@: studying Translocations, very resistant to hostile enchantments, extremely
unstealthy
A: permanent stasis, dig shafts and tunnels, four strong arms, poison weakness,
antennae 3, exoskeleton 1
a: Dig, Shaft Self, Heroism, Finesse, Renounce Religion


You were on level 14 of the Dungeon.
You worshipped Okawaru.
Okawaru was exalted by your worship.
You were not hungry.

You visited 3 branches of the dungeon, and saw 27 of its levels.
You also visited: Sewer and Volcano.

You collected 2362 gold pieces.
You spent 464 gold pieces at shops.

Inventory:

Hand weapons
 a - a +5,+3 dwarven battleaxe of flaming
 N - a +1 blowgun (weapon)
Missiles
 f - a large rock
 h - 5 needles of slowing (quivered)
 v - 8 needles of frenzy
 w - 21 exploding darts
 J - 10 javelins of penetration
Armour
 d - the +0 cloak of the Land of Plenty (worn) {Dex+2}
   (You acquired it on level 8 of the Dungeon)

   It affects your dexterity (+2).
 g - the +1 buckler "Darchyot" (worn) {Str+2 Dam+4}
   (Okawaru gifted it to you on level 4 of the Orcish Mines)

   It affects your strength (+2).
   It affects your damage-dealing abilities (+4).
 i - the +6 chain mail of Lugonu's Generosity (worn) {rN+ Str+2 Stlth--}
   (You bought it in a shop on level 4 of the Orcish Mines)

   It affects your strength (+2).
   It protects you from negative energy.
   It makes you much less stealthy.
 m - a +1 pair of gloves (worn)
 s - a +0 pair of boots (worn)
Comestibles
 c - a royal jelly
 F - a meat ration
 H - 2 bread rations
 P - 2 chokos
 R - a banana
 T - an apple
Scrolls
 j - a scroll of identify
 y - 6 scrolls of remove curse
 E - 2 scrolls of fear
 G - a scroll of amnesia
 K - a scroll of recharging
Jewellery
 r - a ring of positive energy (right hand)
 A - a ring of protection from magic (left hand)
 D - the amulet "Bovomeku" (around neck) {rMut Dex+3 Int+2 Dam+6}
   (You found it on level 5 of the Lair of Beasts)

   [amulet of resist mutation]

   It affects your intelligence (+2).
   It affects your dexterity (+3).
   It affects your damage-dealing abilities (+6).
Potions
 b - 2 potions of agility
 e - a potion of might
 k - 6 potions of restore abilities
 o - 2 potions of resistance
 C - a potion of lignification
 I - a potion of porridge
 L - 3 potions of flight
 O - 19 potions of curing
 S - a potion of cure mutation
Books
 Q - a manual of Translocations
Miscellaneous
 p - a plain deck of defence {the Mercenary}
 t - a fan of gales
 B - a lamp of fire
 M - a fan of gales


   Skills:
 + Level 6.1 Fighting
   Level 1.1 Short Blades
 + Level 8.5 Axes
   Level 2.0 Maces & Flails
 + Level 16.8 Throwing
 + Level 9.3 Armour
 + Level 10.6 Dodging
 + Level 4.5 Stealth
 + Level 6.7 Shields
 + Level 2.7 Invocations


You had 15 spell levels left.
You didn't know any spells.

Dungeon Overview and Level Annotations

Branches:
Dungeon (15/16)            Temple (0/1) D:6             Orc (4/4) D:12
    Elf (0/3) Orc:4          Lair (8/8) D:10          Swamp (0/5) Lair:6
  Snake (0/5) Lair:4        Slime (0/6) Lair:6       Vaults (0/5) D:15

Altars:
Cheibriados
Okawaru
Sif Muna
Trog

Shops:
D:12 [   Orc:1 }   Orc:3 *   Orc:4 (=[*

Portals:
Trove: D:10 (show horn of Geryon)

Annotations:
D:14 Rupert
D:15 Norris


Innate Abilities, Weirdness & Mutations

Your are under a permanent stasis effect.
You can dig through walls and to a lower floor.
Your four strong arms can wield any weapon, most with a shield.
You are susceptible to poison.
You have a pair of large antennae on your head (SInv).
Your body is surrounded by an exoskeleton. (HP +5, AC +1)


Message History

You resist with almost no effort.
Things that are here:
6 arrows; a bow Rupert picks up an uncursed bow.
Rupert picks up 16 arrows.
Rupert unwields an uncursed runed dwarven battleaxe.
Rupert wields an uncursed bow.
Rupert shoots an arrow.
The arrow misses you.
Rupert shoots an arrow.
The arrow hits you!
* * * LOW HITPOINT WARNING * * *
You see here an arrow.
Rupert yells loudly, causing you to lose all wits.
You resist with almost no effort.
You see here an arrow.
You see here an uncursed scimitar.
There is a stone staircase leading down, spattered with blood here.
You see here a +7,+0 anti-magic war axe.
You see here a dire flail.
f - a large rock Rupert shoots an arrow.
The arrow hits you!
You die...

#...@# #...#.# #....#
#...#.# #....# #...#.#
####>##########(##.#
#....##.....# #(##.#
#...)#......# #.##.#
#....#......# #(##.#
####)#...######....###
#.@................
#####...#####...###
#...# ##### #.).#
##### ##########
#......... #####...##


You could see Rupert.

Vanquished Creatures
  Maud (D:14)
  An orc warlord (Orc:4)
  6 dire elephants (Lair:8)
  The ghost of Restia the Severer, a powerful TeBe of Trog (Lair:6)
  3 hydras
  Erica (D:10)
  An anaconda (Lair:8)
  3 red-nosed reindeers (Lair:7)
  2 orc high priests (Orc:4)
  3 centaur warriors
  A catoblepas (Lair:8)
  3 skeletal warriors (D:14)
  A lindwurm (Lair:8)
  Erolcha (Orc:1)
  3 unseen horrors
  4 hill giants
  Pikel (D:7)
  4 orc sorcerers
  4 orc knights (Orc:4)
  Joseph (D:7)
  4 giant amoebae (Lair:6)
  5 griffons
  2 cyclopes
  5 elephants (Lair:8)
  7 black mambas
  Psyche (Orc:2)
  14 spiny frogs
  2 fire drakes
  10 komodo dragons
  8 trolls
  Sonja (D:11)
  A hydra zombie (D:13)
  A hydra skeleton (D:9)
  6 slime creatures (D:12)
  10 blink frogs
  3 basilisks
  A grizzly bear (Lair:8)
  A trapdoor spider (D:12)
  47 reindeers
  A steam dragon (Lair:7)
  3 elephant slugs
  2 fire bats (Volcano)
  Eustachio (D:4)
  13 hippogriffs
  7 ugly things (D:13)
  2 wyverns
  2 wraiths (D:13)
  8 humans (D:14)
  4 hungry ghosts
  A hill giant skeleton (D:13)
  16 wolves
  Menkaure (D:5)
  2 ice beasts
  5 manticores
  15 vampire mosquitoes
  A deep dwarf (D:8)
  34 orc warriors
  10 porcupines
  A swamp drake (Lair:2)
  3 sky beasts
  3 slaves (D:7)
  11 centaurs
  A yellow wasp (D:10)
  9 ogres
  2 phantoms
  2 boring beetles
  Satan Claus (D:4)
  A big kobold (Sewer)
  A gnoll sergeant (D:6)
  2 brain worms
  11 crocodiles
  6 giant slugs
  2 wargs (Orc:4)
  29 giant frogs
  3 agate snails
  10 water moccasins
  A boulder beetle zombie (D:15)
  A wyvern skeleton (D:9)
  13 wights
  12 killer bees (D:12)
  A hippogriff zombie (D:10)
  A reindeer skeleton (D:13)
  5 lava fish (Volcano)
  A hippogriff skeleton (D:12)
  A quasit (D:10)
  14 crimson imps
  2 gnoll shamans (D:6)
  2 jellies
  A centaur zombie (D:10)
  5 goliath beetles
  3 lava snakes (Volcano)
  2 giant frog zombies
  11 iguanas
  11 hounds
  28 orc priests
  32 orc wizards
  3 giant frog skeletons
  A water moccasin zombie (D:5)
  4 orange rats (Lair:5)
  6 worker ants
  3 scorpions
  A brain worm zombie (D:12)
  21 sheep
  3 mummies
  49 gnolls
  94 green rats
  A worm zombie (D:9)
  24 adders
  7 giant centipedes
  An inept feature mimic (D:6)
  3 giant mites
  5 worms
  An adder zombie (D:6)
  20 grey rats (Sewer)
  3 giant eyeballs
  8 giant geckos
  4 oozes
  169 orcs
  24 bats
  20 goblins
  16 hobgoblins
  31 jackals
  16 quokkas
  3 ball pythons (Sewer)
  6 giant cockroaches
  7 giant newts
  4 giant spores
  A gnoll skeleton (D:5)
  A goblin skeleton (D:5)
  32 kobolds
  3 orc zombies
  A quokka skeleton (D:6)
  29 rats
  8 ballistomycetes
  19 fungi
  9 plants
1208 creatures vanquished.

Vanquished Creatures (collateral kills)
  2 orc priests (Orc:4)
  3 orcs (Orc:4)
  An orc zombie (Orc:1)
6 creatures vanquished.

Vanquished Creatures (others)
  2 orc high priests (Orc:4)
  An orc sorcerer (Orc:1)
  A slave (D:7)
  A giant frog (Lair:2)
  An orc priest (Orc:4)
  A gnoll shaman (D:9)
  A gnoll (D:9)
  An orc (D:9)
  A giant spore (D:13)
  2 fungi (Lair:8)
  8 plants
20 creatures vanquished.

Grand Total: 1234 creatures vanquished

Notes
Turn   | Place    | Note
--------------------------------------------------------------
     0 | D:1      | Piginabag, the Formicid Hunter, began the quest for the Orb.
     0 | D:1      | Reached XP level 1. HP: 17/17 MP: 1/1
   193 | D:1      | Reached XP level 2. HP: 22/22 MP: 2/2
   491 | D:1      | Reached XP level 3. HP: 21/26 MP: 3/3
  1454 | D:2      | Reached skill level 4 in Throwing
  1454 | D:2      | Reached XP level 4. HP: 31/31 MP: 4/4
  2435 | D:3      | Reached XP level 5. HP: 35/35 MP: 5/5
  2539 | D:3      | Reached skill level 1 in Armour
  2565 | D:3      | Noticed an ogre
  2580 | D:3      | Killed an ogre
  2580 | D:3      | Reached XP level 6. HP: 40/40 MP: 6/6
  2813 | D:3      | Reached skill level 5 in Throwing
  3244 | D:4      | Noticed Satan Claus
  3249 | D:4      | Killed Satan Claus
  3249 | D:4      | Reached XP level 7. HP: 42/45 MP: 7/7
  3532 | D:4      | Noticed a hippogriff
  3534 | D:4      | Reached skill level 1 in Maces & Flails
  3544 | D:4      | Noticed a phantom
  3547 | D:4      | Killed a hippogriff
  3547 | D:4      | Reached XP level 8. HP: 4/49 MP: 8/8
  3961 | D:4      | Noticed Eustachio
  3969 | D:4      | Killed Eustachio
  3969 | D:4      | Reached skill level 6 in Throwing
  4247 | D:5      | Entered Level 5 of the Dungeon
  4255 | D:5      | Noticed Menkaure
  4256 | D:5      | Killed Menkaure
  4432 | D:5      | Found a deep blue altar of Sif Muna.
  4471 | D:5      | Reached XP level 9. HP: 54/54 MP: 9/9
  4675 | D:5      | Reached skill level 5 in Dodging
  4976 | D:6      | Reached skill level 7 in Throwing
  5157 | D:6      | Found a bloodstained altar of Trog.
  5285 | D:6      | Found a glowing drain.
  5343 | Sewer    | Entered a sewer
  6282 | Sewer    | Reached skill level 1 in Axes
  6544 | D:6      | Found an iron altar of Okawaru.
  6565 | D:6      | Became a worshipper of Warmaster Okawaru
  6858 | D:6      | Found a staircase to the Ecumenical Temple.
  7140 | D:6      | Reached skill level 8 in Throwing
  7316 | D:6      | Reached XP level 10. HP: 57/59 MP: 10/10
  7549 | D:6      | Acquired Okawaru's first power
  8427 | D:6      | Reached skill level 9 in Throwing
  8596 | D:6      | Gained mutation: You are clumsy. (Dex -2) [mutagenic meat]
  8597 | D:6      | Gained mutation: Armour fits poorly on your strangely shaped body. [mutagenic meat]
  8602 | D:7      | Lost mutation: You are clumsy. (Dex -2) [potion of cure mutation]
  8602 | D:7      | Lost mutation: Armour fits poorly on your strangely shaped body. [potion of cure mutation]
  8749 | D:7      | Noticed Pikel
  8761 | D:7      | Killed Pikel
  9267 | D:7      | Noticed Joseph
  9286 | D:7      | Reached skill level 10 in Throwing
  9787 | D:7      | Killed Joseph
  9787 | D:7      | Reached skill level 1 in Shields
 10811 | D:8      | Reached XP level 11. HP: 46/64 MP: 11/11
 11125 | D:8      | Identified a scroll of acquirement
 11126 | D:8      | Got a pitted cloak
 11127 | D:8      | Identified the +0 cloak of the Land of Plenty {Dex+2} (You acquired it on level 8 of the Dungeon)
 12062 | D:9      | Reached skill level 11 in Throwing
 12622 | D:10     | Entered Level 10 of the Dungeon
 12629 | D:10     | Noticed Erica
 12636 | D:10     | Killed Erica
 12704 | D:10     | Found a portal to a secret trove of treasure.
 12852 | D:10     | Noticed a hill giant
 12870 | D:10     | Killed a hill giant
 12870 | D:10     | Received a gift from Okawaru
 12990 | D:10     | Reached skill level 12 in Throwing
 13181 | D:10     | Found a staircase to the Lair.
 13452 | D:10     | Reached XP level 12. HP: 54/69 MP: 12/12
 13917 | D:11     | Noticed Sonja
 13933 | D:11     | Killed Sonja
 15114 | D:12     | Acquired Okawaru's second power
 15179 | D:12     | Reached skill level 5 in Armour
 15259 | D:12     | Received a gift from Okawaru
 15259 | D:12     | Reached skill level 13 in Throwing
 15309 | D:12     | Received a gift from Okawaru
 15622 | D:12     | Found a staircase to the Orcish Mines.
 15833 | Orc:1    | Entered Level 1 of the Orcish Mines
 16189 | Orc:1    | Noticed Erolcha
 16199 | Orc:1    | Killed Erolcha
 16199 | Orc:1    | Reached XP level 13. HP: 71/73 MP: 13/13
 16470 | Orc:1    | Found Zoaff's Gadget Shop.
 16749 | Orc:2    | Noticed Psyche
 16752 | Orc:2    | Killed Psyche
 17079 | Orc:4    | Entered Level 4 of the Orcish Mines
 17099 | Orc:4    | Found a staircase to the Elven Halls.
 18346 | Orc:4    | Noticed an orc warlord
 18679 | Orc:4    | Reached skill level 14 in Throwing
 19391 | Orc:4    | Killed an orc warlord
 19391 | Orc:4    | Received a gift from Okawaru
 19961 | Orc:4    | Reached skill level 1 in Invocations
 20379 | Orc:4    | Found Kloicvie's Antique Armour Shop.
 20443 | Orc:4    | Found Ecoig's Antique Weapon Boutique.
 20446 | Orc:4    | Found Croshuis' General Store.
 20446 | Orc:4    | Found Ajad's Jewellery Shop.
 20472 | Orc:4    | Bought a polished chain mail for 464 gold pieces
 20473 | Orc:4    | Identified the +6 chain mail of Lugonu's Generosity {rN+ Str+2 Stlth--} (You bought it in a shop on level 4 of the Orcish Mines)
 20746 | Orc:4    | Received a gift from Okawaru
 20756 | Orc:4    | Got an ancient buckler {god gift}
 20757 | Orc:4    | Identified the +1 buckler "Darchyot" {Str+2 Dam+4} (Okawaru gifted it to you on level 4 of the Orcish Mines)
 21078 | Orc:3    | Found Ciej's Assorted Antiques.
 21757 | D:12     | Found Osanit's Armour Emporium.
 21776 | D:12     | Reached XP level 14. HP: 76/79 MP: 16/16
 22496 | D:13     | Reached skill level 15 in Throwing
 23389 | D:13     | Gained mutation: You have sharp toenails. [mutagenic meat]
 23390 | D:13     | Gained mutation: Your mind is acute. (Int +2) [mutagenic meat]
 23391 | D:13     | Gained mutation: You are weak. (Str -2) [mutagenic meat]
 23704 | D:13     | Lost mutation: You have sharp toenails. [potion of cure mutation]
 23704 | D:13     | Lost mutation: You are weak. (Str -2) [potion of cure mutation]
 23704 | D:13     | Lost mutation: Your mind is acute. (Int +2) [potion of cure mutation]
 24404 | D:14     | Noticed Maud
 24426 | D:14     | Killed Maud
 25317 | D:14     | Received a gift from Okawaru
 25541 | D:14     | Reached skill level 5 in Shields
 25710 | Lair:1   | Entered Level 1 of the Lair of Beasts
 25958 | Lair:1   | Received a gift from Okawaru
 26242 | Lair:1   | Found a dark tunnel.
 26257 | Volcano  | Entered a volcano
 26512 | Volcano  | Found a radiant altar of Vehumet.
 26515 | Volcano  | Received a gift from Okawaru
 26570 | Volcano  | Found a burning altar of Makhleb.
 26680 | Lair:1   | Got a smoking leather armour
 26681 | Lair:1   | Identified the cursed +1 leather armour "Ceke" {Int-5} (You found it on level 1 of the Lair of Beasts)
 26779 | Lair:1   | Reached XP level 15. HP: 85/85 MP: 15/18
 26835 | Lair:1   | Received a gift from Okawaru
 27369 | Lair:2   | Reached skill level 5 in Axes
 27389 | Lair:2   | Received a gift from Okawaru
 27561 | Lair:2   | Reached skill level 16 in Throwing
 27806 | Lair:2   | Received a gift from Okawaru
 29377 | Lair:3   | Found a snail-covered altar of Cheibriados.
 30318 | Lair:4   | Received a gift from Okawaru
 30965 | Lair:4   | Found a staircase to the Snake Pit.
 31067 | Lair:4   | Received a gift from Okawaru
 31521 | Lair:5   | Got a steaming platinum amulet
 31522 | Lair:5   | Identified the amulet "Bovomeku" {rMut Dex+3 Int+2 Dam+6} (You found it on level 5 of the Lair of Beasts)
 31553 | Lair:5   | Reached skill level 5 in Fighting
 32070 | Lair:5   | Got a bloodstained battleaxe
 32071 | Lair:5   | Identified the +9,+5 battleaxe "Merchuyva" {distort, +Blink rN+} (You found it on level 5 of the Lair of Beasts)
 32581 | Lair:6   | Noticed Restia's ghost (powerful TeBe)
 32587 | Lair:6   | Killed Restia's ghost
 32760 | Lair:6   | Received a gift from Okawaru
 32847 | Lair:6   | Found a staircase to the Swamp.
 33003 | Lair:6   | Received a gift from Okawaru
 33035 | Lair:6   | Found a staircase to the Slime Pits.
 33056 | Lair:6   | Reached skill level 10 in Dodging
 33491 | Lair:7   | Reached XP level 16. HP: 93/93 MP: 20/20
 34664 | Lair:8   | Entered Level 8 of the Lair of Beasts
 35605 | Lair:8   | Received a gift from Okawaru
 36970 | D:15     | Entered Level 15 of the Dungeon
 36970 | D:15     | Found a gate to the Vaults.
 36970 | D:15     | Noticed Norris
 36970 | D:15     | Noticed Rupert
 37612 | D:14     | Received a gift from Okawaru
 38062 | D:14     | Shot with an arrow by Rupert

Action                   |  1- 3 |  4- 6 |  7- 9 | 10-12 | 13-15 | 16-18 || total
-------------------------+-------+-------+-------+-------+-------+-------++-------
Melee: Short sword       |    12 |       |       |       |       |       ||    12
       Club              |    55 |    76 |    34 |       |       |       ||   165
       Battleaxe         |       |       |    32 |       |   603 |   157 ||   792
       War axe           |       |       |     3 |   102 |    31 |       ||   136
 Fire: Blowgun           |       |       |       |    67 |    93 |    19 ||   179
Throw: Large rock        |     3 |    25 |    42 |    74 |   152 |    94 ||   390
       Dart              |    62 |    82 |   203 |   561 |    52 |     1 ||   961
       Throwing net      |       |     2 |     3 |     8 |       |       ||    13
       Tomahawk          |       |       |    97 |   145 |   744 |    62 ||  1048
       Javelin           |       |       |       |    38 |    28 |    69 ||   135
Invok: Heroism           |       |       |       |       |    10 |     7 ||    17
 Abil: Dig               |       |       |       |       |     3 |     1 ||     4
Evoke: Wand              |       |       |       |       |     2 |       ||     2
  Use: Scroll            |       |     6 |     3 |    21 |    26 |     5 ||    61
       Potion            |       |       |     6 |     4 |    17 |     5 ||    32
 Stab: Sleeping          |       |     2 |       |       |       |       ||     2
